 Dungeon Crawl Stone Soup version 0.31-a0-128-g25add195a6 (webtiles) character file.

Game seed: 13513862463518220051

432295 TittyCrusher the Thanatomancer (level 25, -4/179 HPs)
             Began as a Djinni Earth Elementalist on June 1, 2023.
             Was an Elder of Makhleb.
             Killed from afar by a war gargoyle (22 damage)
             ... with a spray of metal splinters
             ... on level 5 of the Vaults on June 2, 2023.
             The game lasted 03:09:32 (50191 turns).

TittyCrusher the Thanatomancer (DjEE)              Turns: 50191, Time: 03:09:33

Health: -4/179     AC: 11    Str: 23    XL:     25   Next: 10%
Gold:   2462       EV: 24    Int: 26    God:    Makhleb [****..] SH:  9 Dex: 17

rFire   + + +        a - staff of cold "Zoxtun" {rC+ rN+ MP+9 Str+3}
rCold   + . .        O - +3 buckler
rNeg    + . .        P - +2 robe {Archmagi}
rPois   ∞            m - +0 helmet "Tauhig" {Str+3 SInv}
rElec   .            E - +1 cloak of Perfidy {Str+6}
rCorr   .            v - +0 pair of fencer's gloves {Riposte Dex+3}
SInv    +            (boots unavailable)
Will    +++..        i - amulet "Buhiluthro" {Regen+ Int+3}
Stlth   ++           R - +5 ring of evasion
HPRegen 1.29/turn    T - ring "Socyb" {rF+ rC+ Will+ Int-2}
MPRegen 0.00/turn

%: archmagi, infuse magic (-5 HP)
@: flying, slightly contaminated, studying Necromancy
A: sickness immunity, fire resistance 2, cold vulnerability 1, float, innate
caster, HP casting, extra vitality 1
}: 2/15 runes: serpentine, barnacled
a: Renounce Religion, Minor Destruction, Lesser Servant of Makhleb, Major
Destruction


You were on level 5 of the Vaults.
You worshipped Makhleb.
Makhleb was greatly pleased with you.
You visited 9 branches of the dungeon, and saw 42 of its levels.
You visited 1 bazaar.
You also visited: Sewer, Ice Cave and Volcano.

You collected 5779 gold pieces.
You spent 3317 gold pieces at shops.

Inventory:

Armour
 c - a +4 scale mail of cold resistance
 m - the +0 helmet "Tauhig" (worn) {Str+3 SInv}
   (You found it on level 2 of the Dungeon)

   Str:       It affects your strength (+3).
   SInv:      It lets you see invisible.
 v - the +0 pair of fencer's gloves (worn) {Riposte Dex+3}
   (You bought it in a shop on level 3 of the Shoals)

   Riposte:   It allows the wearer to riposte with melee weapons, swiftly
   retaliating against missed or blocked melee attacks.
   Dex:       It affects your dexterity (+3).
 y - a +2 robe of resistance
 E - the +1 cloak of Perfidy (worn) {Str+6}
   (You bought it in a shop on level 2 of the Orcish Mines)

   Str:       It affects your strength (+6).
 O - a +3 buckler (worn)
 P - a +2 robe of the Archmagi (worn)
Magical Staves
 a - the staff of cold "Zoxtun" (weapon) {rC+ rN+ MP+9 Str+3}
   (You found it on level 4 of the Shoals)

   [staff of cold]

   Base accuracy: +5 Base damage: 5 Base attack delay: 1.2 This weapon's minimum
   attack delay (0.6) is reached at skill level 12.
   Str:       It affects your strength (+3).
   rC:        It protects you from cold.
   rN:        It protects you from negative energy.
   MP:        It affects your magic capacity (+9).
   It falls into the 'Staves' category.
   It is a one-handed weapon.
 b - a staff of fire
 q - the staff of air "Byll" {rElec rCorr}
   (You acquired it on level 4 of the Vaults)

   [staff of air]

   Base accuracy: +5 Base damage: 5 Base attack delay: 1.2 This weapon's minimum
   attack delay (0.6) is reached at skill level 12.
   rElec:     It insulates you from electricity.
   rCorr:     It protects you from acid and corrosion.
   It falls into the 'Staves' category.
   It is a one-handed weapon.
 D - a staff of earth
Jewellery
 i - the amulet "Buhiluthro" (around neck) {Regen+ Int+3}
   (You found it on level 3 of the Elven Halls)

   [amulet of regeneration]

   Int:       It affects your intelligence (+3).
   Regen:     It increases your rate of health regeneration.
 A - the ring "Jitsaud" {rF+ Dex+4}
   (You found it on level 4 of the Vaults)

   [ring of protection from fire]

   Dex:       It affects your dexterity (+4).
   rF:        It protects you from fire.
 K - a ring of willpower
 M - the ring "Naure" {+Blink rC+ Will- Str+2 Int+2 Dex+3}
   (You found it in an ice cave)

   [ring of protection from cold]

   Str:       It affects your strength (+2).
   Int:       It affects your intelligence (+2).
   Dex:       It affects your dexterity (+3).
   rC:        It protects you from cold.
   +Blink:    It lets you blink.
   Will:      It decreases your willpower.
 N - the ring of the Empire {Fly rElec rPois rCorr}
   (You found it on level 3 of the Elven Halls)

   [ring of flight]

   rElec:     It insulates you from electricity.
   rPois:     It protects you from poison.
   Fly:       It grants you flight.
   rCorr:     It protects you from acid and corrosion.
 R - a +5 ring of evasion (left hand)
 S - a ring of positive energy
 T - the ring "Socyb" (right hand) {rF+ rC+ Will+ Int-2}
   (You found it on level 3 of the Elven Halls)

   [ring of protection from cold]

   Int:       It affects your intelligence (-2).
   rF:        It protects you from fire.
   rC:        It protects you from cold.
   Will:      It increases your willpower.
 Z - the amulet "Qiomav" {Faith Str+4}
   (You found it in an ice cave)

   [amulet of faith]

   It allows you to gain divine favour quickly.
   Str:       It affects your strength (+4).
Wands
 d - a wand of light (1)
 z - a wand of flame (59)
 B - a wand of polymorph (20)
 J - a wand of digging (15)
 L - a wand of roots (15)
 Q - a wand of mindburst (13)
Scrolls
 g - 4 scrolls of immolation
 h - 3 scrolls of butterflies
 j - 6 scrolls of fog
 k - a scroll of enchant armour
 l - 2 scrolls of poison
 n - 23 scrolls of teleportation
 r - 7 scrolls of vulnerability
 C - 21 scrolls of identify
 F - 4 scrolls of enchant weapon
 H - 8 scrolls of fear
 Y - 6 scrolls of magic mapping
Potions
 e - 12 potions of curing
 f - 11 potions of magic
 o - 4 potions of cancellation
 p - 11 potions of mutation
 s - 12 potions of might
 t - 7 potions of lignification
 u - 4 potions of invisibility
 w - 7 potions of attraction
 G - 3 potions of resistance
 I - 2 potions of berserk rage
 V - 4 potions of enlightenment
 X - a potion of haste
Miscellaneous
 x - a condenser vane (inert)
 U - a lightning rod (4/4)


   Skills:
 - Level 15.4 Fighting
 - Level 8.1 Staves
 - Level 16.2 Armour
 - Level 12.5 Dodging
 - Level 1.5 Stealth
 - Level 5.9 Shields
 + Level 19.4 Spellcasting
 + Level 19.4 Conjurations
 + Level 19.4 Hexes
   Level 0.0 Charms
 + Level 19.4 Summonings
 + Level 21.1 Necromancy
 + Level 19.4 Translocations
 + Level 19.4 Transmutations
 + Level 19.4 Fire Magic
 + Level 19.4 Ice Magic
 + Level 19.4 Air Magic
 + Level 19.4 Earth Magic
 + Level 19.4 Poison Magic
 - Level 19.1 Invocations
 - Level 11.6 Evocations


You knew the following spells:

 Your Spells              Type           Power      Damage    Failure   Level
a - Sandblast             Erth           100%       2d20      0%          1
b - Passwall              Tmut/Erth      93%        N/A       0%          2
c - Stone Arrow           Conj/Erth      100%       3d13      0%          3
d - Petrify               Tmut/Erth      100%       N/A       0%          4
e - Sting                 Tmut/Pois      100%       1d8       0%          1
f - Ensorcelled Hibernat  Hex/Ice        100%       N/A       0%          2
g - Call Canine Familiar  Summ           100%       N/A       0%          3
h - Volatile Blastmotes   Fire/Tloc      100%       2d18      0%          3
i - Metabolic Englaciati  Hex/Ice        68%        N/A       1%          5
j - Irradiate             Conj/Tmut      56%        3d30      1%          5
k - Dispersal             Tloc           56%        N/A       1%          6
l - Starburst             Conj/Fire      56%        6d15      1%          6
m - Simulacrum            Ice/Necr       69%        N/A       1%          6
n - Malign Gateway        Summ/Tloc      56%        N/A       1%          7
o - Infestation           Necr           58%        N/A       2%          8
p - Discord               Hex            56%        N/A       4%          8
Your spell library was empty.

Dungeon Overview and Level Annotations

Branches:
Dungeon (15/15)            Temple (1/1) D:7            Lair (5/5) D:8
 Shoals (4/4) Lair:3        Snake (4/4) Lair:2        Slime (0/5) Lair:4
    Orc (2/2) D:9             Elf (3/3) Orc:2        Vaults (5/5) D:13
  Crypt (3/3) Vaults:3       Tomb (0/3) Crypt:3      Depths (0/4) D:15
  Sewer (visited)           IceCv (visited)         Volcano (visited)

Altars:
Ashenzari
Cheibriados
Dithmenos
Elyvilon
Fedhas
Gozag
Hepliaklqana
Makhleb
Nemelex Xobeh
Okawaru
Qazlal
Ru
Trog
Uskayaw
Wu Jian
Xom
Yredelemnul
Zin
The Shining One
Jiyva

Shops:
Orc:2 [*(=:   Elf:1 *   Elf:3 [   Shoals:3 :?([*   Snake:2 [((   Vaults:1 *
Vaults:3 ?

Annotations:
D:11 3 runed translucent doors, porpoise's ghost, journeyman HOFi
Elf:1 3 runed translucent doors
Elf:2 3 runed translucent doors
Vaults:2 exclusion: orange crystal statue


Innate Abilities, Weirdness & Mutations

You are immune to sickness and miasma.
You are immune to poison.
Your flesh is very heat resistant. (rF++)
You are vulnerable to cold. (rC-)
You float through the air rather than walking.
You learn spells naturally, not from books.
Your magical power is your life essence.
You have superior vitality. (+4 MHP)


Message History

The dread lich is blasted with magical radiation!!
The dread lich is moderately damaged.
The war gargoyle is blasted with magical radiation!
The war gargoyle is moderately damaged.
You are very lightly contaminated with residual magic.
* * * LOW HITPOINT WARNING * * *
You are engulfed in blazing flames.
You resist.
* * * LOW HITPOINT WARNING * * *
The dread lich touches you but does no damage.
You block the war gargoyle's attack.
You riposte.
Elyvilon blocks your attack.
The war gargoyle is engulfed in blazing flames.
Flame seeps out of the war gargoyle.
The dread lich touches you but does no damage.
The war gargoyle hits you with a +2 great mace of holy wrath!
* * * LOW HITPOINT WARNING * * *
Your cacodemon hits the war gargoyle but does no damage.
Your cacodemon hits the war gargoyle!
Unknown command.
Unknown command.
Unknown command.
Casting: Irradiate (safe; 1% risk of failure)
Confirm with . or Enter, or press ? or * to list all spells.
You feel a surge of power!
You erupt in a fountain of uncontrolled magic!
The dread lich is blasted with magical radiation!!
The dread lich is heavily damaged.
The war gargoyle is blasted with magical radiation!!!
Elyvilon heals the war gargoyle.
The war gargoyle is heavily damaged.
The war gargoyle is blasted with magical radiation!!
Flame seeps out of the war gargoyle.
The war gargoyle is severely damaged.
You are lightly contaminated with residual magic.
* * * LOW HITPOINT WARNING * * *
You are engulfed in blazing flames.
You resist.
* * * LOW HITPOINT WARNING * * *
The war gargoyle launches metal splinters at you.
The spray of metal splinters hits you!!
You die...

###############
...............
.......§§§.....
#L@§§§...#
#..#....99☼§§....
..#...2☼#§§§.#).
.....#..#§§☼.#
#... #..#p...#
#.p#....#....#
..#....#....#
#.)D.).#....#
#.[.O#


You could see a dread lich (fast, invisible), a storm dragon, 2 war gargoyles, a
vault sentinel (inner flame), an ironbound convoker (empowered) and a friendly
cacodemon (summoned).

Vanquished Creatures
  Khufu (Crypt:3)
  Sojobo (Crypt:2)
  2 royal mummies (Crypt:2)
  Boris (Crypt:2)
  Xtahua (Crypt:1)
  Nikola (Vaults:2)
  Jory (Crypt:2)
  A profane servitor (Crypt:3)
  Mlioglotl (Shoals:1)
  A lich (Crypt:3)
  2 deep elf blademasters (Elf:3)
  A titan (Vaults:3)
  3 sphinxes
  2 deep elf master archers (Elf:3)
  5 krakens
  An ancient champion (Crypt:3)
  5 tengu reavers
  Polyphemus (Shoals:4)
  Kirke (Lair:3)
  A storm dragon (Shoals:4)
  Donald (Shoals:2)
  2 revenants
  3 nagarajas
  A draconian knight (IceCv)
  8 deep elf sorcerers (Elf:3)
  15 vault wardens
  Aizul (Snake:2)
  2 curse skulls
  A deep elf elementalist (Elf:3)
  15 ironbound preservers
  4 ghouls
  Louise (Shoals:4)
  6 ironbound thunderhulks
  3 formless jellyfish
  2 stone giants (Vaults:3)
  2 vampire knights
  6 deep elf demonologists (Elf:3)
  14 dire elephants
  5 deep elf annihilators
  Azrael (D:13)
  A spectral titan (Crypt:3)
  A red draconian (Volcano)
  5 white draconians (IceCv)
  An eidolon (Crypt:2)
  8 mummy priests
  2 ettins
  4 deep elf high priests
  8 deep elf death magi
  Josephine (D:11)
  21 jiangshi
  2 entropy weavers (Vaults:2)
  5 merfolk javelineers
  7 merfolk impalers
  6 great orbs of eyes
  A spriggan zombie (Crypt:2)
  5 hydras
  3 catoblepae
  An ogre mage (D:13)
  15 yaktaur captains
  28 vault guards
  2 salamander tyrants
  2 peacekeepers (Vaults:4)
  3 merfolk avatars
  10 ironbound frosthearts
  11 anacondas
  6 death knights
  4 boulder beetles
  3 spriggan skeletons (Crypt:1)
  Erica (D:9)
  15 dancing weapons
  6 two-headed ogres
  7 merfolk aquamancers (Shoals:4)
  4 tengu warriors
  16 centaur warriors
  An azure jelly zombie (Crypt:1)
  10 naga warriors
  A satyr (Shoals:3)
  A deep troll shaman (Lair:5)
  A quicksilver ooze zombie (Crypt:1)
  8 death yaks
  10 naga sharpshooters
  5 vampire magi (Crypt:1)
  6 shock serpents
  An orc high priest (Elf:3)
  A soul eater (Crypt:1)
  2 salamander mystics
  Amaemon (D:11)
  Sonja (D:12)
  18 deep elf knights
  4 skysharks
  4 shadow wraiths
  A titan skeleton (Vaults:4)
  A glowing orange brain (Vaults:1)
  23 skeletal warriors
  3 bog bodies (Crypt:2)
  38 deep trolls
  9 deep elf archers
  5 flayed ghosts
  6 naga ritualists
  An orange crystal statue (IceCv)
  4 wizards
  9 necromancers
  4 phantasmal warriors
  18 ironbound convokers
  A wolf spider zombie (D:15)
  14 harpies
  5 orc knights
  19 lindwurms
  A golden dragon skeleton (Crypt:3)
  19 deep elf pyromancers
  17 deep elf zephyrmancers
  3 orc sorcerers
  An oklob plant (Orc:2)
  A fenstrider witch simulacrum (Crypt:1)
  A bunyip skeleton (Crypt:2)
  16 ugly things
  11 manticores
  11 mana vipers
  5 cyclopes
  17 salamanders
  4 fauns (Shoals:2)
  2 centaur zombies (D:15)
  A stone giant skeleton (Vaults:4)
  13 elephants (Lair:5)
  5 merfolk sirens
  A naga zombie (Crypt:2)
  6 guardian serpents
  40 black mambas
  11 naga magi
  3 storm dragon simulacra (IceCv)
  A dire elephant zombie (Crypt:1)
  9 vault sentinels
  14 water nymphs
  An orange demon (D:11)
  4 gargoyles
  2 kobold demonologists
  2 molten gargoyles (Volcano)
  A dire elephant skeleton (Crypt:2)
  12 cane toads
  An unseen horror (D:11)
  Maggie (D:7)
  An unseen horror zombie (Crypt:2)
  A centaur skeleton (Crypt:3)
  A swamp worm zombie (Crypt:2)
  3 rime drakes (Lair:5)
  5 komodo dragons
  6 freezing wraiths
  16 guardian mummies
  5 golden dragon simulacra (IceCv)
  A purple draconian skeleton (Crypt:1)
  38 yaktaurs
  A merfolk (shapeshifter) (Elf:2)
  11 merfolk
  14 wind drakes
  A harpy zombie (Crypt:1)
  8 trolls
  A sea snake skeleton (Crypt:2)
  A polar bear (Lair:1)
  A hornet (D:8)
  A harpy skeleton (Crypt:1)
  A hornet (shapeshifter) (D:13)
  30 blink frogs
  4 snapping turtles
  A black mamba zombie (Crypt:1)
  35 slime creatures
  3 dream sheep (Shoals:1)
  A jumping spider (Vaults:2)
  54 flying skulls
  11 air elementals
  A centaur simulacrum (Crypt:1)
  A large abomination (Crypt:3)
  8 shadows
  A hog (Lair:3)
  3 wyverns
  21 water elementals
  11 wraiths
  2 fire bats (Volcano)
  A black mamba skeleton (Crypt:1)
  A naga simulacrum (Crypt:2)
  A vampire (D:12)
  Grum (Lair:1)
  69 yaks
  A basilisk (Lair:4)
  7 fire elementals
  2 steam dragons
  A yaktaur simulacrum (Vaults:4)
  2 redbacks (shapeshifter)
  8 vampire mosquitoes
  4 redbacks (Vaults:2)
  30 nagas
  A glowing shapeshifter zombie (Crypt:2)
  4 wargs
  A skyshark zombie (Crypt:2)
  3 acid dragons
  19 water moccasins
  3 hell hounds (D:13)
  2 ice beasts (D:6)
  A glowing shapeshifter skeleton (Crypt:1)
  31 orc warriors
  A black bear (Lair:5)
  An elephant zombie (Crypt:2)
  23 wolves
  2 human zombies
  2 ettin simulacra (Crypt:1)
  4 ice dragon simulacra (IceCv)
  7 ogres
  12 centaurs
  4 kobold brigands
  6 earth elementals
  7 bullfrogs
  6 scorpions
  3 small abominations (Crypt:3)
  3 necrophages
  A hornet simulacrum (D:14)
  8 wights
  9 lindwurm simulacra (IceCv)
  14 killer bees
  A shapeshifter skeleton (Crypt:1)
  8 howler monkeys
  3 electric eels
  5 lava snakes (Volcano)
  A gnoll bouda (D:4)
  5 hounds
  3 jellies
  10 orc priests
  Crazy Yiuf (D:5)
  3 iguanas
  18 orc wizards
  21 hell rats
  An acid dragon zombie (Crypt:1)
  2 ogre skeletons
  A deep dwarf skeleton (Crypt:1)
  A boggart simulacrum (D:15)
  A mummy (Crypt:2)
  3 gnolls (D:4)
  8 adders
  A river rat (Sewer)
  A shadow imp (D:8)
  2 white imps
  2 ufetubi
  2 worms
  2 dart slugs
  51 orcs
  5 endoplasms
  5 giant cockroaches
  4 hobgoblins
  9 quokkas
  6 ball pythons
  4 bats
  5 frilled lizards
  A giant cockroach zombie (Crypt:2)
  4 goblins
  A jackal skeleton (Crypt:2)
  26 kobolds
  8 rats
  12 tentacles
1671 creatures vanquished.

Vanquished Creatures (collateral kills)
  A bone dragon (Crypt:3)
  A ghoul (Crypt:3)
  An ironbound preserver (Vaults:5)
  A stone giant (Vaults:5)
  2 dire elephants (Vaults:4)
  A crystal guardian (Vaults:4)
  A jiangshi (Crypt:3)
  An ettin (Vaults:5)
  4 yaktaur captains (Vaults:5)
  Harold (D:9)
  2 ogre magi (Vaults:5)
  3 vault guards (Vaults:5)
  A dancing weapon (Elf:3)
  A two-headed ogre (Vaults:5)
  2 skeletal warriors (Crypt:3)
  2 ugly things (D:11)
  A manticore (Lair:5)
  2 vault sentinels
  Joseph (D:9)
  A komodo dragon (Lair:1)
  5 yaktaurs (Vaults:5)
  A troll (D:14)
  A troll (shapeshifter) (Vaults:4)
  A naga simulacrum (Crypt:3)
  A wraith (D:11)
  A yak (D:8)
  A basilisk (Lair:5)
  A warg (D:8)
  A glowing shapeshifter zombie (Vaults:5)
  An orc warrior (Vaults:5)
  4 necrophages (Crypt:3)
  A human skeleton (Vaults:5)
  A human simulacrum (Vaults:5)
  A howler monkey (D:8)
  2 orc priests
  2 orc wizards
  5 orcs
60 creatures vanquished.

Vanquished Creatures (others)
  11 eldritch tentacles
  A vault warden (Vaults:2)
  An ironbound preserver (Vaults:5)
  A stone giant (Vaults:5)
  An anaconda (Lair:5)
  A two-headed ogre (Vaults:5)
  A deep elf knight (Elf:2)
  A deep elf zephyrmancer (Elf:2)
  A cane toad (Lair:5)
  A blink frog (Lair:3)
  A naga (Snake:4)
  A water moccasin (Lair:3)
  An orc warrior (Vaults:5)
  14 tentacles
37 creatures vanquished.

Grand Total: 1768 creatures vanquished

Notes
Turn   | Place    | Note
-------+----------+-------------------------------------------
     0 | D:1      | Reached skill level 3 in Necromancy
     0 | D:1      | TittyCrusher the Djinni Earth Elementalist began the quest
                  | for the Orb.
     0 | D:1      | TittyCrusher set off with the following spells memorised:
                  | Sandblast, Passwall, Stone Arrow, Petrify.
     0 | D:1      | Reached XP level 1. HP: 15/15 MP: 0/0
   148 | D:1      | Reached XP level 2. HP: 20/21 MP: 0/0
   725 | D:2      | Identified the +0 helmet "Tauhig" {Str+3 SInv}
   776 | D:2      | Found a faded altar of an unknown god.
   971 | D:2      | Reached XP level 3. HP: 24/25 MP: 0/0
   971 | D:2      | Learned a level 1 spell: Sting
  1657 | D:3      | Reached XP level 4. HP: 30/31 MP: 0/0
  1668 | D:3      | Reached skill level 4 in Necromancy
  1727 | D:3      | Found a sacrificial altar of Ru.
  1809 | D:3      | Found a glowing drain.
  1814 | D:3      | Reached XP level 5. HP: 35/35 MP: 0/0
  1814 | D:3      | Learned a level 2 spell: Ensorcelled Hibernation
  1822 | Sewer    | Entered a sewer
  2519 | D:4      | You are sucked into a shaft and drop 2 floors!
  2545 | D:5      | Entered Level 5 of the Dungeon
  2631 | D:4      | Noticed an ogre
  2640 | D:4      | Killed an ogre
  2641 | D:4      | Reached skill level 5 in Spellcasting
  2641 | D:4      | Reached skill level 5 in Conjurations
  2641 | D:4      | Reached skill level 5 in Hexes
  2641 | D:4      | Reached skill level 5 in Summonings
  2641 | D:4      | Reached skill level 5 in Necromancy
  2641 | D:4      | Reached skill level 5 in Translocations
  2641 | D:4      | Reached skill level 5 in Transmutations
  2641 | D:4      | Reached skill level 5 in Fire Magic
  2641 | D:4      | Reached skill level 5 in Ice Magic
  2641 | D:4      | Reached skill level 5 in Air Magic
  2641 | D:4      | Reached skill level 5 in Earth Magic
  2641 | D:4      | Reached skill level 5 in Poison Magic
  2641 | D:4      | Reached XP level 6. HP: 40/40 MP: 0/0
  2821 | D:4      | Reached XP level 7. HP: 39/45 MP: 0/0
  2821 | D:4      | Learned a level 3 spell: Call Canine Familiar
  3056 | D:4      | Reached skill level 6 in Necromancy
  3518 | D:5      | Found a runed translucent door.
  3519 | D:5      | Noticed Crazy Yiuf
  3541 | D:5      | Killed Crazy Yiuf
  3786 | D:5      | Reached skill level 7 in Necromancy
  3786 | D:5      | Reached XP level 8. HP: 48/50 MP: 0/0
  4478 | D:6      | Found a glowing golden altar of the Shining One.
  4482 | D:6      | Found an opulent altar of Gozag.
  4488 | D:6      | Reached skill level 8 in Necromancy
  4999 | D:7      | Reached XP level 9. HP: 50/55 MP: 0/0
  4999 | D:7      | Learned a level 3 spell: Volatile Blastmotes
  5015 | D:7      | Noticed Maggie
  5034 | D:7      | Killed Maggie
  5103 | D:7      | Found a staircase to the Ecumenical Temple.
  5108 | D:7      | Reached skill level 9 in Necromancy
  5114 | Temple   | Entered the Ecumenical Temple
  5291 | Temple   | Became a worshipper of Elyvilon the Healer
  5423 | D:7      | Identified the +3 whip of Ikelum {protect, rC+ rCorr Int+3
                  | Dex-4}
  5444 | D:7      | Reached skill level 1 in Invocations
  5486 | D:7      | Found an iron altar of Okawaru.
  5664 | D:8      | Found a staircase to the Lair.
  5778 | D:8      | Found an ornate altar of the Wu Jian Council.
  5805 | D:8      | Identified the +10 war axe of Tartarus {freeze, rF+ Int+3}
  5811 | D:8      | Reached skill level 5 in Invocations
  5856 | D:8      | Reached * piety under Elyvilon
  5892 | D:8      | Reached XP level 10. HP: 44/60 MP: 0/0
  6293 | D:8      | Noticed a two-headed ogre
  6303 | D:8      | Killed a two-headed ogre
  6598 | D:9      | Noticed Harold
  6681 | D:9      | Killed Harold
  6682 | D:9      | Reached skill level 10 in Invocations
  6721 | D:9      | Noticed Erica
  6789 | D:9      | Noticed Joseph
  6851 | D:8      | Reached skill level 1 in Fighting
  6881 | D:9      | Killed Joseph
  6882 | D:9      | Reached XP level 11. HP: 48/71 MP: 0/0
  6882 | D:9      | Learned a level 5 spell: Metabolic Englaciation
  6981 | D:9      | Reached ** piety under Elyvilon
  7019 | D:9      | Killed Erica
  7020 | D:9      | Reached skill level 5 in Fighting
  7138 | D:9      | Found a staircase to the Orcish Mines.
  7421 | Lair:1   | Entered Level 1 of the Lair of Beasts
  7421 | Lair:1   | Noticed Grum
  7683 | Lair:1   | Killed Grum
  7905 | Lair:1   | Reached XP level 12. HP: 66/91 MP: 0/0
  8088 | Lair:1   | Reached skill level 10 in Fighting
  8289 | Lair:1   | Reached XP level 13. HP: 103/103 MP: 0/0
  8289 | Lair:1   | Learned a level 5 spell: Irradiate
  8580 | Lair:2   | Reached *** piety under Elyvilon
  8594 | Lair:2   | Noticed a five-headed hydra
  8605 | Lair:2   | Killed a five-headed hydra
  8689 | Lair:2   | Found a staircase to the Snake Pit.
  8741 | Lair:2   | Reached skill level 10 in Spellcasting
  8741 | Lair:2   | Reached skill level 10 in Conjurations
  8741 | Lair:2   | Reached skill level 10 in Hexes
  8741 | Lair:2   | Reached skill level 10 in Summonings
  8741 | Lair:2   | Reached skill level 10 in Necromancy
  8741 | Lair:2   | Reached skill level 10 in Translocations
  8741 | Lair:2   | Reached skill level 10 in Transmutations
  8741 | Lair:2   | Reached skill level 10 in Fire Magic
  8741 | Lair:2   | Reached skill level 10 in Ice Magic
  8741 | Lair:2   | Reached skill level 10 in Air Magic
  8741 | Lair:2   | Reached skill level 10 in Earth Magic
  8741 | Lair:2   | Reached skill level 10 in Poison Magic
  9040 | Lair:2   | Found a shadowy altar of Dithmenos.
  9506 | Lair:3   | Noticed Kirke
  9515 | Lair:3   | Killed Kirke
  9835 | Lair:3   | Reached **** piety under Elyvilon
 10080 | Lair:3   | Noticed an eight-headed hydra
 10085 | Lair:3   | Killed an eight-headed hydra
 10328 | Lair:4   | Identified the +3 plate armour of the Loofah {Dex+6}
 10457 | Lair:4   | Found a staircase to the Slime Pits.
 10457 | Lair:4   | Found a viscous altar of Jiyva.
 10490 | Lair:4   | Reached XP level 14. HP: 107/110 MP: 0/0
 10861 | Lair:4   | Reached ***** piety under Elyvilon
 11365 | Lair:5   | Entered Level 5 of the Lair of Beasts
 11697 | Lair:5   | Reached skill level 5 in Dodging
 11885 | Lair:5   | Found a dark tunnel.
 11890 | Volcano  | Entered a volcano
 12414 | Volcano  | Noticed a red draconian
 12422 | Volcano  | Killed a red draconian
 12423 | Volcano  | Reached skill level 1 in Armour
 12677 | Lair:5   | Reached XP level 15. HP: 113/115 MP: 0/0
 12677 | Lair:5   | Learned a level 6 spell: Dispersal
 12711 | Lair:5   | Reached skill level 5 in Armour
 13994 | D:10     | Entered Level 10 of the Dungeon
 15032 | D:11     | Noticed Josephine
 15038 | D:11     | Killed Josephine
 15105 | D:11     | Found a runed translucent gate.
 15106 | D:11     | Found a runed translucent gate.
 15107 | D:11     | Found a runed translucent gate.
 15195 | D:11     | Noticed Amaemon
 15204 | D:11     | Killed Amaemon
 15351 | D:11     | Reached ****** piety under Elyvilon
 15360 | D:11     | Reached skill level 11 in Necromancy
 16069 | D:11     | Found a runed translucent gate.
 16069 | D:11     | Found a runed translucent gate.
 16072 | D:11     | Noticed porpoise's ghost (journeyman HOFi)
 16074 | D:11     | Found a runed translucent gate.
 16115 | D:12     | Noticed Sonja
 16121 | D:12     | Killed Sonja
 16220 | D:12     | Reached XP level 16. HP: 117/121 MP: 0/0
 16991 | D:12     | Identified the +8 chain mail of Sunlight {Str+5}
 17475 | D:13     | Reached skill level 12 in Necromancy
 17760 | D:13     | Found a gate to the Vaults.
 17833 | D:13     | Noticed Azrael
 17851 | D:13     | Killed Azrael
 18837 | D:14     | Reached skill level 1 in Shields
 19821 | D:15     | Entered Level 15 of the Dungeon
 19939 | D:15     | Reached skill level 5 in Shields
 19974 | D:15     | Identified the ring of Caykuyse {rN+ Will+}
 20604 | D:15     | Found a sparkling altar of Nemelex Xobeh.
 20887 | D:15     | Reached skill level 13 in Necromancy
 20889 | D:15     | Found a staircase to the Depths.
 21078 | Orc:1    | Entered Level 1 of the Orcish Mines
 21513 | Orc:1    | Reached XP level 17. HP: 112/128 MP: 0/0
 21513 | Orc:1    | Learned a level 6 spell: Starburst
 21693 | Orc:2    | Entered Level 2 of the Orcish Mines
 21693 | Orc:2    | Found a staircase to the Elven Halls.
 22260 | Orc:2    | Found Itomot's Weapon Shop.
 22260 | Orc:2    | Found Gawoup's Assorted Antiques.
 22260 | Orc:2    | Found Uxti's Antique Armour Shoppe.
 22263 | Orc:2    | Found Ahoweleg's Jewellery Boutique.
 22268 | Orc:2    | Bought a scroll labelled OKHLUU ICLIPN for 25 gold pieces
 22270 | Orc:2    | Acquired the +3 crystal plate armour of the Curious Orbs
                  | {rF+ Regen+ Dex+4}
 22279 | Orc:2    | Bought a faintly humming cloak for 370 gold pieces
 22279 | Orc:2    | Identified the +1 cloak of Perfidy {Str+6} (You bought it
                  | in a shop on level 2 of the Orcish Mines)
 22293 | Orc:2    | Bought a distressingly furry robe for 222 gold pieces
 22293 | Orc:2    | Identified the +1 robe of Experimentation {rC- Int+3 SInv}
                  | (You bought it in a shop on level 2 of the Orcish Mines)
 22423 | Orc:2    | Found Ykutief's Book Shop.
 22487 | Orc:2    | Reached skill level 1 in Staves
 22757 | Snake:1  | Entered Level 1 of the Snake Pit
 22768 | Snake:1  | HP: 2/128 [something (11)]
 23001 | Snake:1  | Reached skill level 5 in Staves
 23726 | Snake:2  | Noticed Aizul
 23733 | Snake:2  | Killed Aizul
 23885 | Snake:2  | Found a frozen archway.
 23903 | IceCv    | Entered an ice cave
 24381 | IceCv    | Identified the ring "Naure" {+Blink rC+ Will- Str+2 Int+2
                  | Dex+3}
 24382 | IceCv    | Identified the amulet "Qiomav" {Faith Str+4}
 24538 | Snake:2  | Found Gedu's Weapon Shoppe.
 24540 | Snake:2  | Found Hyist's Weapon Emporium.
 24543 | Snake:2  | Found Ynaffyu's Armour Shoppe.
 24908 | Snake:2  | Reached XP level 18. HP: 120/134 MP: 0/0
 24947 | Snake:2  | Reached skill level 10 in Dodging
 26903 | Snake:4  | Entered Level 4 of the Snake Pit
 27822 | Snake:4  | Noticed a quicksilver dragon
 27823 | Snake:4  | Pacified a quicksilver dragon
 27825 | Snake:4  | Noticed a quicksilver dragon
 27827 | Snake:4  | Pacified a quicksilver dragon
 27828 | Snake:4  | Reached skill level 15 in Fighting
 27935 | Snake:4  | Got a serpentine rune of Zot
 28543 | Shoals:1 | Entered Level 1 of the Shoals
 28594 | Shoals:1 | Reached skill level 15 in Invocations
 28720 | Shoals:1 | Identified the +1 chain mail of Furu {Int+2}
 29073 | Shoals:1 | Noticed Mlioglotl
 29077 | Shoals:1 | Noticed a bone dragon
 29091 | Shoals:1 | Killed Mlioglotl
 29271 | Shoals:1 | Reached XP level 19. HP: 94/143 MP: 0/0
 29271 | Shoals:1 | Learned a level 6 spell: Simulacrum
 29400 | Shoals:1 | Identified the +6 lajatang of the Sugar Beet {protect, rN++
                  | Str+4}
 29803 | Shoals:2 | Noticed Donald
 29810 | Shoals:2 | Was placed under penance by Elyvilon
 29813 | Shoals:2 | Killed Donald
 29926 | Shoals:2 | You are sucked into a shaft and drop 1 floor!
 30059 | Shoals:3 | Found Doummaq's Weapon Boutique.
 30061 | Shoals:3 | Found Geucyotuj's Assorted Antiques.
 30079 | Shoals:3 | Bought a faintly glowing cloak for 313 gold pieces
 30079 | Shoals:3 | Identified the -2 cloak of Privacy {-Cast Str+3 Slay+3}
                  | (You bought it in a shop on level 3 of the Shoals)
 30133 | Shoals:3 | Found Ineacrul's Book Emporium.
 30204 | Shoals:3 | Was forgiven by Elyvilon
 30558 | Shoals:3 | Found Fabin's Magic Scroll Boutique.
 30566 | Shoals:3 | Bought a scroll of teleportation for 39 gold pieces
 30566 | Shoals:3 | Bought a scroll of teleportation for 39 gold pieces
 30797 | Shoals:3 | Found Cepa's Armour Shop.
 30922 | Shoals:3 | Bought the +0 pair of fencer's gloves {Riposte Dex+3} for
                  | 760 gold pieces
 30922 | Shoals:3 | Found the +0 pair of fencer's gloves {Riposte Dex+3}
 30963 | Shoals:4 | Entered Level 4 of the Shoals
 31340 | Shoals:4 | Noticed Polyphemus
 31359 | Shoals:4 | Killed Polyphemus
 31463 | Shoals:4 | Identified the +9 hand axe "Pieruj" {flame, Str+5}
 31666 | Shoals:4 | Identified the +3 glaive of World's End {flame, Dex+4}
 31666 | Shoals:4 | Got a barnacled rune of Zot
 31751 | Shoals:4 | Identified the staff of cold "Zoxtun" {rC+ rN+ MP+9 Str+3}
 31813 | Shoals:4 | Paralysed by an air elemental for 1 turns
 31877 | Shoals:4 | Found a broken altar of Ashenzari.
 32123 | Shoals:4 | Paralysed by an air elemental for 1 turns
 32126 | Shoals:4 | Noticed Louise
 32145 | Shoals:4 | Killed Louise
 32491 | Elf:1    | Entered Level 1 of the Elven Halls
 32681 | Elf:1    | Found Pawkawiy's General Store.
 32688 | Elf:1    | Bought a scroll of fog for 64 gold pieces
 32688 | Elf:1    | Bought a potion of heal wounds for 80 gold pieces
 32740 | Elf:1    | Reached XP level 20. HP: 87/150 MP: 0/0
 32747 | Elf:1    | Reached skill level 10 in Armour
 33037 | Elf:1    | Found a runed translucent gate.
 33037 | Elf:1    | Found a runed translucent gate.
 33037 | Elf:1    | Found a runed translucent gate.
 33165 | Elf:1    | Identified the +1 leather armour of Arigoept {Will- Str+5}
 33722 | Elf:2    | Paralysed by an air elemental for 1 turns
 33736 | Elf:2    | Paralysed by an air elemental for 1 turns
 34394 | Elf:2    | Found a runed translucent gate.
 34394 | Elf:2    | Found a runed translucent gate.
 34394 | Elf:2    | Found a runed translucent gate.
 34549 | Elf:3    | Entered Level 3 of the Elven Halls
 34718 | Elf:3    | Found Muror's Armour Emporium.
 35765 | Elf:3    | Noticed a Brimstone Fiend
 35879 | Elf:3    | Identified the +9 glaive "Ymibe" {speed, Int+3 SInv Stlth+}
 35913 | Elf:3    | Noticed a Brimstone Fiend
 35992 | Elf:3    | Identified the +8 falchion of Blood {elec, Fly SInv}
 36017 | Elf:3    | Identified the +5 long sword of Birahippos {chaos, Fly rN+}
 36139 | Elf:3    | Reached XP level 21. HP: 146/156 MP: 0/0
 36139 | Elf:3    | Learned a level 7 spell: Malign Gateway
 36400 | Elf:3    | Identified the ring "Socyb" {rF+ rC+ Will+ Int-2}
 36426 | Elf:3    | Identified the ring of the Empire {Fly rElec rPois rCorr}
 36434 | Elf:3    | Identified the +6 mace of the Abyss {speed, Int+6}
 36439 | Elf:3    | Identified the staff of cold "Goequ" {rC+ rN+ MP+9 Str-5}
 36444 | Elf:3    | Identified the amulet "Buhiluthro" {Regen+ Int+3}
 36461 | Elf:3    | Identified the +5 ring mail "Muezos" {Will+ Str+3 Dex-2}
 36462 | Elf:3    | Identified the +5 hand axe "Omomink" {flame, rElec Str+5
                  | Dex-3}
 36484 | Elf:3    | Identified the +0 mace "Hydraslayer" {venom, Will+ Str+3}
 36538 | Elf:3    | Identified the staff of earth "Cutol" {Fly rC+ Will-}
 36934 | Vaults:1 | Entered Level 1 of the Vaults
 37651 | Vaults:1 | Reached skill level 14 in Necromancy
 38160 | Vaults:1 | Found Kukakh's General Store.
 38169 | Vaults:1 | Bought a scroll of magic mapping for 120 gold pieces
 38803 | Vaults:2 | Found the +2 hat of the Bear Spirit {Spirit, Bear, *Rage
                  | Will++}
 39046 | Vaults:2 | Reached skill level 15 in Spellcasting
 39046 | Vaults:2 | Reached skill level 15 in Conjurations
 39046 | Vaults:2 | Reached skill level 15 in Hexes
 39046 | Vaults:2 | Reached skill level 15 in Summonings
 39046 | Vaults:2 | Reached skill level 15 in Necromancy
 39046 | Vaults:2 | Reached skill level 15 in Translocations
 39046 | Vaults:2 | Reached skill level 15 in Transmutations
 39046 | Vaults:2 | Reached skill level 15 in Fire Magic
 39046 | Vaults:2 | Reached skill level 15 in Ice Magic
 39046 | Vaults:2 | Reached skill level 15 in Air Magic
 39046 | Vaults:2 | Reached skill level 15 in Earth Magic
 39046 | Vaults:2 | Reached skill level 15 in Poison Magic
 39463 | Vaults:2 | Reached XP level 22. HP: 152/162 MP: 0/0
 40000 | Vaults:2 | Noticed Nikola
 40012 | Vaults:2 | Killed Nikola
 40050 | Vaults:2 | Reached skill level 16 in Necromancy
 40544 | Vaults:3 | Elyvilon protects you from harm!
 41697 | Vaults:3 | Reached skill level 17 in Necromancy
 42084 | Vaults:3 | Found a staircase to the Crypt.
 42207 | Vaults:3 | Found Muapuisy's Magic Scroll Shop.
 42210 | Vaults:3 | Bought a scroll of fog for 44 gold pieces
 42357 | Crypt:1  | Entered Level 1 of the Crypt
 42546 | Crypt:1  | Noticed Xtahua
 42559 | Crypt:1  | Reached skill level 1 in Evocations
 42852 | Crypt:1  | Reached XP level 23. HP: 33/166 MP: 0/0
 42852 | Crypt:1  | Learned a level 8 spell: Infestation
 43129 | Crypt:1  | Reached skill level 5 in Evocations
 43152 | Crypt:1  | Killed Xtahua
 44135 | Crypt:2  | Noticed a royal mummy
 44148 | Crypt:2  | Killed a royal mummy
 44238 | Crypt:2  | Identified the ring of Discretion {rPois rCorr SInv}
 44243 | Crypt:2  | Identified the ring "Urityzuj" {rPois rC+ rCorr Dex-3 SInv}
 44263 | Crypt:2  | Noticed a royal mummy
 44275 | Crypt:2  | Killed a royal mummy
 44440 | Crypt:2  | Noticed Sojobo
 44448 | Crypt:2  | Killed Sojobo
 44639 | Crypt:2  | Reached skill level 10 in Evocations
 44670 | Crypt:2  | Identified the +7 ring mail of Hesoxant {Int+5}
 44855 | Crypt:2  | Noticed Boris
 44964 | Crypt:2  | Killed Boris
 45172 | Crypt:2  | Noticed Jory
 45185 | Crypt:2  | Killed Jory
 45522 | Crypt:3  | Entered Level 3 of the Crypt
 45919 | Crypt:3  | Reached skill level 15 in Armour
 46116 | Crypt:3  | Found a basalt altar of Yredelemnul.
 46499 | Temple   | Fell from the grace of Elyvilon
 46499 | Temple   | Became a worshipper of Makhleb the Destroyer
 47120 | Crypt:3  | Reached * piety under Makhleb
 47431 | Crypt:3  | Reached XP level 24. HP: 142/174 MP: 0/0
 47625 | Crypt:3  | Reached ** piety under Makhleb
 47650 | Crypt:3  | Identified the +10 plate armour of the Invisible Hand {rC+
                  | Dex+3}
 47941 | Crypt:3  | Identified the +8 rapier of Gravity {drain, rElec rF++ rN+
                  | Int-4}
 48036 | Crypt:3  | Found a staircase to the Tomb.
 48036 | Crypt:3  | Noticed Khufu
 48042 | Crypt:3  | Killed Khufu
 48043 | Crypt:3  | Reached skill level 18 in Necromancy
 48063 | Crypt:3  | Identified the +10 glaive of Ofab Qoxoti {freeze, rElec
                  | Str+2 Dex+2}
 48080 | Crypt:3  | Identified the staff of cold "Far Cawk" {rC+ Dex+4}
 48505 | Vaults:4 | Found a flickering gateway to a bazaar.
 48515 | Bazaar   | Entered a bazaar
 48517 | Bazaar   | Found Wukog's Antique Weapon Boutique.
 48521 | Bazaar   | Found Usuyprapn's Armour Boutique.
 48521 | Bazaar   | Found Daamuq's Magic Scroll Boutique.
 48522 | Bazaar   | Found Uzucuoge's Distillery.
 48527 | Bazaar   | Bought a scroll of fear for 40 gold pieces
 48527 | Bazaar   | Bought a scroll of immolation for 40 gold pieces
 48527 | Bazaar   | Bought a scroll of fear for 40 gold pieces
 48527 | Bazaar   | Bought a scroll of teleportation for 30 gold pieces
 48527 | Bazaar   | Bought a scroll of enchant armour for 75 gold pieces
 48527 | Bazaar   | Bought a scroll of vulnerability for 40 gold pieces
 48527 | Bazaar   | Bought a scroll of acquirement for 520 gold pieces
 48537 | Bazaar   | Bought a potion of curing for 36 gold pieces
 48537 | Bazaar   | Bought a potion of heal wounds for 60 gold pieces
 48537 | Bazaar   | Bought a potion of resistance for 120 gold pieces
 48537 | Bazaar   | Bought a potion of curing for 36 gold pieces
 48537 | Bazaar   | Bought 2 potions of curing for 72 gold pieces
 48537 | Bazaar   | Bought a potion of mutation for 96 gold pieces
 48537 | Bazaar   | Bought a potion of curing for 36 gold pieces
 48549 | Vaults:4 | Acquired the staff of air "Byll" {rElec rCorr}
 49075 | Vaults:4 | Reached *** piety under Makhleb
 49126 | Vaults:4 | Identified the ring "Jitsaud" {rF+ Dex+4}
 49177 | Vaults:4 | Reached skill level 19 in Necromancy
 49837 | Vaults:4 | Reached **** piety under Makhleb
 50036 | Vaults:5 | Entered Level 5 of the Vaults
 50050 | Vaults:5 | Reached skill level 20 in Necromancy
 50115 | Vaults:5 | Reached XP level 25. HP: 165/179 MP: 0/0
 50115 | Vaults:5 | Learned a level 8 spell: Discord
 50166 | Vaults:5 | Noticed an ancient lich
 50174 | Vaults:5 | Noticed a dread lich
 50176 | Vaults:5 | Reached ***** piety under Makhleb
 50181 | Vaults:5 | Reached skill level 21 in Necromancy
 50182 | Vaults:5 | Paralysed by a dread lich for 3 turns
 50191 | Vaults:5 | Killed from afar by a war gargoyle

Illustrated notes

Levels and vault maps discovered:
D:1:      wander_arrival_desolate, layout_loops_cross, serial_rivers,
          chequers_serial_rivers_marsh, chequers_serial_rivers_small_3,
          chequers_serial_rivers_room_a, chequers_serial_rivers_micro_e,
          serial_bayou_pond_e
D:2:      layout_loops_corners, dreamdust_ecumenical_altar_angels_and_demons
D:3:      layout_basic, mainiacjoe_overflow_boulevard, portal_sewer_entry_f,
          grunt_ministairs_3
D:4:      layout_basic
D:5:      layout_loops_ring, serial_glass, glass_columns_b, glass_columns_a,
          glass_columns_a, glass_columns_c, due_unseen_surprise,
          feat_on_display, chequers_arboretum, lemuel_flamethrower_2,
          uniq_crazy_yiuf_cottage
D:6:      layout_basic, nicolae_overflow_two_pavilions
D:7:      layout_basic, marbit_many_paths, minmay_temple_entry_poolview,
          uniq_maggie
D:8:      layout_loops_corners, mainiacjoe_overflow_small_starburst,
          erik_lair_orcish_takeover
D:9:      layout_cave_pools, orc_0_dummy, grunt_ministairs_11,
          chequers_serial_rivers_micro_d, item_on_display_b, uniq_joseph,
          uniq_harold, uniq_erica
D:10:     layout_gridville
D:11:     minmay_octagon_keep, layout_long_grid,
          ploomutoo_gammafunk_ghost_potion_laboratory, minmay_misc_feat_roman,
          uniq_amaemon, uniq_josephine
D:12:     layout_layer_cave, uniq_sonja
D:13:     layout_basic, david_vaults_2, uniq_azrael
D:14:     minmay_mutant_horseshoe, layout_cave_pods, chequers_decorated_corner
D:15:     grunt_enter_depths_magical_seal, layout_rooms, serial_glass,
          glass_columns_c, glass_columns_a, nemelex_spade_bored_becter
Temple:   bh_familiar_temple
Lair:1:   layout_misc_corridors, serial_bayou_crossing, grunt_megastairs_2,
          infiniplex_staircase_pool, uniq_grum
Lair:2:   layout_gridlike, minmay_snake_entry_six_corridors, basic_altar
Lair:3:   layout_hall_layers, nicolae_shoals_entry_flooding, st_stairs_12,
          nicolae_quartered_pool_super, serial_bayou_shore_b, uniq_kirke
Lair:4:   layout_regular_city, slime_entry_1, serial_bayou_shore_b,
          serial_bayou_shore_b
Lair:5:   grunt_lair_end_beastmaster, layout_loops_ring,
          nicolae_volcano_entry_s_turn, nicolae_lair_grove_arrangements,
          hangedman_lair_generics_rect
Shoals:1: layout_shoals, nicolae_shoals_so_close, uniq_mlioglotl
Shoals:2: layout_shoals, lightli_airlock, uniq_donald
Shoals:3: layout_shoals, serial_shops, shop, nicolae_shop_peninsula,
          nicolae_square_shop, nicolae_shop_crystal, nicolae_square_shop,
          nicolae_shoals_kraken_party
Shoals:4: shoals_end_hellmonk_storm_palace [storm_palace_center_square,
          storm_palace_corner_narrow, storm_palace_corner_reverse_hut,
          storm_palace_corner_altar, storm_palace_corner_blocked],
          uniq_polyphemus, uniq_louise
Snake:1:  layout_misc_corridors
Snake:2:  layout_basic, portal_ice_cave_entry_pillars_1, minmay_shop_star,
          uniq_aizul
Snake:3:  layout_layer_cave
Snake:4:  hellmonk_snake_rune_quicksilver_temple, layout_chambers,
          abandoned_shop, lemuel_fruit_tree
Orc:1:    layout_diamond_mine
Orc:2:    st_orc_rangers, layout_caves, special_room, serial_shops, shop,
          basic_altar, mines3_lemuel
Elf:1:    layout_gridlike, serial_shops, shop, kennysheep_underground_church,
          nicolae_elf_hall_of_bonks
Elf:2:    elven_hall_of_blades_hangedman_original
          [nicolae_blade_entry_sentries_behind_glass], layout_rooms
Elf:3:    elf_hall_gauntlet_wide, layout_onion_city, serial_shops,
          nicolae_shop_advertising_works [nicolae_subvault_shop_adworks]
Vaults:1: hangedman_vaults_stretched_pinwheel, nicolae_vaults_mini_display_case,
          nicolae_vaults_apartment_1, nicolae_vaults_apartment_2,
          nicolae_vaults_storage_closets_3, nicolae_vaults_heart-shaped_vault,
          v_misc_1, nicolae_vaults_turnstiles, nicolae_vaults_house_2,
          layout_vaults_omnigrid, serial_shops, nicolae_shop_stone, serial_glass
Vaults:2: nicolae_vaults_little_squares_1, nicolae_vaults_statue_guard,
          nicolae_vaults_oval_intersection, hangedman_vaults_locks,
          nicolae_vaults_trapezoid_lopsided_2, vaults_mumra_minichess,
          v_pattern_5, v_rooms_5, nicolae_vaults_network_square, v_misc_11,
          nicolae_vaults_storage_room_doors, nicolae_vaults_apartment_1,
          nicolae_vaults_house_1, layout_vaults_omnicross, uniq_nikola
Vaults:3: nicolae_vaults_border_crossing, v_rooms_6, blue_anna_dwarven_crypt,
          v_misc_27, nicolae_vaults_crenellated_ambush, ontoclasm_vaults_eye,
          grunt_vaults_focal, vaults_room_pools, v_rooms_2,
          hangedman_vaults_maws, grunt_vaults_hallway_short,
          ontoclasm_vaults_idyll, nicolae_vaults_hexular_roomagon,
          layout_vaults_omnibox, serial_shops, nicolae_shop_rolled_up
Vaults:4: nicolae_vaults_swerve, hangedman_vaults_river_flow, v_misc_33,
          nicolae_vaults_security_offices_5, v_misc_5, v_misc_4,
          ontoclasm_vaults_decontamination, v_misc_26, vaults_room_fancy_cross,
          nicolae_vaults_hexular_roomagon, nicolae_vaults_closet_pinwheel_5,
          nicolae_vaults_oval_intersection, nicolae_vaults_apartment_2,
          nicolae_vaults_double_plus_2, vaults_room_hallway, layout_vaults_ring,
          serial_shops, bzr_entry_road
Vaults:5
Crypt:1:  layout_chaotic_city, grunt_ministairs_11, grunt_crypt_arrival_webbed,
          lemuel_upstairs_altar, uniq_xtahua
Crypt:2:  layout_gridlike, nicolae_crypt_soggy_tomb, minmay_misc_feat_alley,
          st_burial_chamber, uniq_sojobo, uniq_jory, uniq_boris
Crypt:3:  grunt_crypt_end_deaths_head

Skill      XL: |  1  2  3  4  5  6  7  8  9 10 11 12 13 14 15 16 17 18 19 20 21 22 23 24 25 |
---------------+----------------------------------------------------------------------------+-----
Spellcasting   | 4 5 7 8 9 10 11 13 15 17 19 | 19.4
Conjurations   | 4 5 7 8 9 10 11 13 15 17 19 | 19.4
Hexes          | 4 5 7 8 9 10 11 13 15 17 19 | 19.4
Summonings     | 4 5 7 8 9 10 11 13 15 17 19 | 19.4
Necromancy     | 4 5 7 8 9 10 11 13 15 17 20 21 | 21.1
Translocations | 4 5 7 8 9 10 11 13 15 17 19 | 19.4
Transmutations | 4 5 7 8 9 10 11 13 15 17 19 | 19.4
Fire Magic     | 4 5 7 8 9 10 11 13 15 17 19 | 19.4
Ice Magic      | 4 5 7 8 9 10 11 13 15 17 19 | 19.4
Air Magic      | 4 5 7 8 9 10 11 13 15 17 19 | 19.4
Earth Magic    | 4 5 7 8 9 10 11 13 15 17 19 | 19.4
Poison Magic   | 4 5 7 8 9 10 11 13 15 17 19 | 19.4
Invocations    | 6 10 13 14 15 18 19 | 19.1
Fighting       | 3 9 13 15 | 15.4
Dodging        | 7 9 12 | 12.5
Armour         | 4 9 14 16 | 16.2
Shields        | 5 |  5.9
Staves         | 8 |  8.1
Evocations     | 4 11 | 11.6
Stealth        | |  1.5

Action                     |  1- 3 |  4- 6 |  7- 9 | 10-12 | 13-15 | 16-18 | 19-21 | 22-24 | 25-27 || total
---------------------------+-------+-------+-------+-------+-------+-------+-------+-------+-------++-------
  Melee: Whip              |       |       |       |     1 |       |       |       |       |       ||     1
         Staff             |       |       |       |       |       |    23 |    42 |    52 |       ||   117
   Fire: Sling             |     1 |     4 |       |       |       |       |       |       |       ||     5
   Cast: Sandblast         |    44 |    79 |    67 |    88 |    56 |       |       |       |       ||   334
         Ensorcelled Hiber |       |     6 |     2 |     8 |       |       |       |     1 |       ||    17
         Stone Arrow       |       |     1 |    36 |    60 |   578 |   815 |   364 |   193 |     1 ||  2048
         Call Canine Famil |       |       |    11 |    14 |    20 |     5 |     2 |       |     1 ||    53
         Volatile Blastmot |       |       |     5 |     7 |    62 |     7 |       |       |       ||    81
         Metabolic Englaci |       |       |       |     1 |    63 |    55 |     6 |     5 |       ||   130
         Irradiate         |       |       |       |       |       |    18 |    16 |    17 |     2 ||    53
         Starburst         |       |       |       |       |       |    97 |   313 |   477 |     2 ||   889
         Malign Gateway    |       |       |       |       |       |       |       |    10 |     1 ||    11
         Simulacrum        |       |       |       |       |       |       |       |     8 |       ||     8
         Infestation       |       |       |       |       |       |       |       |     7 |     2 ||     9
         Dispersal         |       |       |       |       |       |       |       |       |     2 ||     2
         Discord           |       |       |       |       |       |       |       |       |     2 ||     2
 Invoke: Heal Other        |       |       |       |     2 |     3 |     2 |       |       |       ||     7
         Heal Self         |       |       |       |       |     3 |     8 |    23 |    11 |       ||    45
         Purification      |       |       |       |       |       |     2 |       |       |       ||     2
         Greater Servant o |       |       |       |       |       |       |       |       |     1 ||     1
  Evoke: Wand              |       |       |       |       |     1 |     1 |       |     2 |       ||     4
         Condenser vane    |       |       |       |       |       |     1 |       |     2 |       ||     3
    Use: Scroll            |       |    11 |     1 |     9 |     9 |    16 |     2 |     6 |     3 ||    57
         Potion            |       |     1 |       |     4 |     2 |     1 |     1 |     6 |     9 ||    24
   Stab: Sleeping          |       |       |       |       |       |       |     1 |       |       ||     1
         Distracted        |       |       |       |       |       |       |       |     1 |       ||     1
 Armour: Robe              |     7 |    12 |    11 |       |     7 |   122 |    39 |    69 |     5 ||   272
         Acid dragon scale |       |       |     1 |    11 |       |       |       |       |       ||    12
         Steam dragon scal |       |       |       |    24 |    22 |       |       |       |       ||    46
         Ring mail         |       |       |       |       |    31 |       |       |       |       ||    31
         Leather armour    |       |       |       |       |       |       |    14 |       |       ||    14
  Dodge: Dodged            |    17 |    17 |    35 |    94 |   140 |   458 |   350 |   406 |    12 ||  1529
  Block: Buckler           |       |       |       |       |       |   169 |   176 |   194 |     4 ||   543
Riposte: Staff             |       |       |       |       |       |       |    99 |   143 |     3 ||   245

Table legend: (Time is in decaauts)
 A = Elapsed time spent in this place.
 B = Non-inter-level travel time spent in this place.
 C = Inter-level travel time spent in this place.
 D = Time resting spent in this place.
 E = Time spent auto-exploring this place.
 F = Levels seen in this place.
 G = Mean time per level.
                   A        B        C        D        E       F      G
               +--------+--------+--------+--------+--------+-----+--------+
         Total |  50388 |  46721 |   3667 |   7363 |  27535 |  46 | 1095.4 |
       Dungeon |  15574 |  14025 |   1549 |   1347 |   9838 |  15 | 1038.3 |
        Temple |    228 |    159 |     69 |      0 |    155 |   1 |  228.0 |
          Lair |   5816 |   5312 |    504 |    433 |   3269 |   5 | 1163.2 |
        Shoals |   3785 |   3646 |    139 |    566 |   2075 |   4 |  946.2 |
     Snake Pit |   5081 |   4908 |    173 |    843 |   3041 |   4 | 1270.2 |
  Orcish Mines |   1615 |   1370 |    245 |    183 |    791 |   2 |  807.5 |
   Elven Halls |   4156 |   3918 |    238 |    911 |   1823 |   3 | 1385.3 |
        Vaults |   7695 |   7250 |    445 |   1460 |   4289 |   5 | 1539.0 |
         Crypt |   5160 |   4858 |    302 |   1340 |   1860 |   3 | 1720.0 |
        Bazaar |     32 |     32 |      0 |      0 |      9 |   1 |   32.0 |
         Sewer |     91 |     91 |      0 |      9 |      6 |   1 |   91.0 |
      Ice Cave |    561 |    561 |      0 |    191 |    119 |   1 |  561.0 |
       Volcano |    589 |    589 |      0 |     79 |    260 |   1 |  589.0 |
               +--------+--------+--------+--------+--------+-----+--------+

Top non-repeatable levels by time:
Vaults:2: 2276 daAuts
   Elf:3: 2201 daAuts
Vaults:3: 2182 daAuts
 Crypt:3: 1991 daAuts
 Crypt:2: 1694 daAuts
  Lair:5: 1642 daAuts
     D:8: 1593 daAuts
Vaults:4: 1575 daAuts
 Snake:4: 1537 daAuts
Vaults:1: 1520 daAuts
 Crypt:1: 1474 daAuts
    D:13: 1465 daAuts
    D:14: 1420 daAuts
 Snake:3: 1412 daAuts
    D:11: 1387 daAuts
